 Dungeon Crawl Stone Soup version 0.31-a0-1066-g35875b34c7 (webtiles) character file.

Game seed: 15213018106071461385

255097 Gladio the Wrestler (level 19, -7/117 HPs)
             Began as a Vine Stalker Fighter on Nov 22, 2023.
             Was a High Priest of Trog.
             Killed by divine providence
             ... invoked by an orc high priest
              (9 damage)
             ... on level 2 of the Vaults.
             The game lasted 01:40:02 (29142 turns).

Gladio the Wrestler (Vine Stalker Fighter)         Turns: 29142, Time: 01:40:03

Health: -7/117     AC: 33    Str: 32      XL:     19   Next: 77%
Magic:  0/29       EV:  7    Int: 10 (12) God:    Trog [*****.]
Gold:   1753       SH: 18    Dex: 15      Spells: 18/18 levels left

rFire   . .          .
                       - Unarmed
rCold   . . .        I - +0 tower shield {AC+3}
rNeg    + . .        m - +5 plate armour of the Thoughtful Friars {rElec Will- Str+7}
rPois   .            O - +2 helmet {SInv}
rElec   +            p - +0 cloak
rCorr   .            F - +1 pair of gloves of the Blue Skiapode {rElec rN+ Will+ Dex+3}
SInv    +            w - +0 pair of boots
Will    ++...        M - amulet of regeneration Stlth
                     b - ring of magical power
HPRegen 1.99/turn    k - +4 ring of slaying
MPRegen 0.21/turn

%: guardian spirit
@: on berserk cooldown, slowed, very slow
A: fangs 3, regeneration 1, magic shield, antimagic bite, no potion heal 2,
camouflage 1, clever 1, clumsy 1
}: 2/15 runes: serpentine, barnacled
a: Renounce Religion, Berserk, Trog's Hand, Brothers in Arms


You were on level 2 of the Vaults.
You worshipped Trog.
Trog was extremely pleased with you.
You visited 7 branches of the dungeon, and saw 33 of its levels.
You also visited: Gauntlet.

You collected 5242 gold pieces.
You spent 3489 gold pieces at shops.

Inventory:

Missiles
 o - 48 poisoned darts
 L - 7 throwing nets
 R - 4 silver javelins
 U - 8 javelins (quivered)
Armour
 e - a +0 crystal plate armour
 m - the +5 plate armour of the Thoughtful Friars (worn) {rElec Will- Str+7}
   (You bought it in a shop on level 2 of the Snake Pit)

   Str+7:     It affects your strength (+7).
   rElec:     It insulates you from electricity.
   Will-:     It decreases your willpower.
 p - a +0 cloak (worn)
 w - a +0 pair of boots (worn)
 F - the +1 pair of gloves of the Blue Skiapode (worn) {rElec rN+ Will+ Dex+3}
   (You found it in a Gauntlet)

   Dex+3:     It affects your dexterity (+3).
   rElec:     It insulates you from electricity.
   rN+:       It protects you from negative energy.
   Will+:     It increases your willpower.
 I - a +0 tower shield of protection (worn)
 O - a +2 helmet of see invisible (worn)
 Q - the +0 helmet of Qitwouff {rPois rF+}
   (You found it in a Gauntlet)

   rF+:       It protects you from fire.
   rPois:     It protects you from poison
 V - a +0 kite shield of reflection
Jewellery
 b - a ring of magical power (left hand)
 k - a +4 ring of slaying (right hand)
 M - an amulet of regeneration (around neck)
 Y - the ring "Sedd" {rF+ rCorr}
   (You found it on level 2 of the Shoals)

   [ring of resist corrosion]

   rF+:       It protects you from fire.
   rCorr:     It protects you from acid and corrosion.
Wands
 a - a wand of digging (13)
 d - a wand of paralysis (33)
 r - a wand of flame (55)
 K - a wand of roots (14)
 S - a wand of acid (22)
Scrolls
 c - 2 scrolls of enchant armour
 f - 3 scrolls of fog
 h - 4 scrolls of poison
 n - 2 scrolls of fear
 q - 6 scrolls of enchant weapon
 s - a scroll of torment
 u - 2 scrolls of silence
 v - 6 scrolls of noise
 y - 3 scrolls of brand weapon
 C - 3 scrolls of summoning
 D - 10 scrolls of teleportation
 N - 6 scrolls of identify
 W - 2 scrolls of revelation
 X - 3 scrolls of immolation
Potions
 g - 3 potions of brilliance
 i - 6 potions of enlightenment
 j - 7 potions of mutation
 l - 8 potions of curing
 t - a potion of cancellation
 x - 4 potions of haste
 z - 4 potions of lignification
 B - 2 potions of attraction
 E - a potion of ambrosia
 G - 3 potions of might
 H - 3 potions of berserk rage
 J - 3 potions of magic
 P - 5 potions of resistance
 Z - 3 potions of invisibility
Miscellaneous
 A - a phantom mirror
 T - a tin of tremorstones (2/2)


   Skills:
 * Level 19.7 Fighting
 + Level 12.8 Armour
 + Level 13.9 Shields
 + Level 21.3 Unarmed Combat


You had 18 spell levels left.
You didn't know any spells.
Your spell library contained the following spells:

 Spells                   Type           Power      Damage    Failure   Level
 Shock                    Conj/Air       0%         1d3       99%         1
 Blink                    Tloc           0%         N/A       100%        2
 Lesser Beckoning         Tloc           0%         N/A       100%        2
 Momentum Strike          Conj/Tloc      0%         3d8       100%        2
 Dazzling Flash           Conj/Hex       0%         N/A       100%        3
 Swiftness                Air            0%         N/A       100%        3
 Volatile Blastmotes      Fire/Tloc      0%         2d10      100%        3
 Airstrike                Air            0%         2d(0-16)  100%        4
 Starburst                Conj/Fire      0%         6d3       100%        6
 Maxwell's Capacitive Co  Air            0%         ∞         100%        8


Dungeon Overview and Level Annotations

Branches:
Dungeon (15/15)            Temple (1/1) D:7            Lair (5/5) D:8
 Shoals (4/4) Lair:3        Snake (4/4) Lair:2        Slime (0/5) Lair:4
    Orc (2/2) D:12            Elf (0/3) Orc:2        Vaults (2/5) D:13
  Crypt (0/3) Vaults:2     Depths (0/4) D:15        Gauntlet (visited)

Altars:
Ashenzari
Cheibriados
Dithmenos
Elyvilon
Fedhas
Gozag
Hepliaklqana
Kikubaaqudgha
Makhleb
Nemelex Xobeh
Okawaru
Qazlal
Ru
Sif Muna
Trog
Uskayaw
Vehumet
Wu Jian
Xom
Yredelemnul
Zin
The Shining One
Lugonu

Shops:
D:3 *   D:14 [   Orc:2 !([=!   Shoals:4 *   Snake:1 (:=*   Snake:2 [

Portals:
Abyss: Shoals:2

Annotations:
D:9 3 runed translucent doors, Pascal76's ghost, novice MiFi


Innate Abilities, Weirdness & Mutations

You have razor-sharp teeth.
Your natural rate of healing is unusually fast.
When hurt, damage is shared between your health and your magic reserves.
Your bite disrupts and absorbs the magic of your enemies.
Potions cannot restore your health.
Your skin changes colour to match your surroundings (Stealth+).
Your mind is acute. (Int +4, Str/Dex -1)
You are clumsy. (Dex -2)


Message History

The orc knight roars a battlecry!
The orcs go into a battle-frenzy!
The orc sorcerer casts a spell.
The orc high priest hits you from afar with a +0 halberd!
* * * LOW HITPOINT WARNING * * *
The orange demon stings you but does no damage.
You block the sun demon's attack. The orc warlord blocks your attack. x2
The orc warlord is heavily wounded.
Your unstable footing causes you to fumble your attack.
You block the orc knight's attack.
The orc knight hits you from afar with a +0 bardiche!
* * * LOW HITPOINT WARNING * * *
The orc high priest hits you but does no damage.
You block the orc warlord's attack. You block the orange demon's attack.
The sun demon hits you but does no damage.
The orc warlord blocks your attack. x2
The orc warlord is heavily wounded.
You pummel the orc warlord!! Your bite misses the orc warlord.
The orc warlord is almost dead.
The orc knight hits you with a +0 dire flail!
* * * LOW HITPOINT WARNING * * *
The orc knight hits you from afar with a +0 bardiche.
* * * LOW HITPOINT WARNING * * *
The orc high priest hits you but does no damage.
You block the sun demon's attack.
The orange demon stings you but does no damage.
Your unstable footing causes you to fumble your attack.
Unknown command.
The orc warlord blocks your attack. x2
The orc warlord is almost dead.
You are no longer berserk.
You are exhausted.
You feel yourself slow down.
The orc high priest no longer looks unusually strong.
The orc sorcerer no longer looks unusually strong.
The sun demon barely misses you.
The orc high priest mumbles some strange prayers to Beogh against you.
Beogh smites you!
You die...

###########'###''##..'###'.
#........'...#.'..
#........'...###..
#...../..##### ###
#........# #........#
#........# ####3#######
#≈≈@oo3≈≈≈# #≈##o43##≈# #
#.oo3.# #.o...# #.3...#
#$.$.$# #.$.$.# #######


You could see an orc warlord (strong), 2 orc knights, an orc high priest, a sun
demon (summoned), an orange demon (summoned), a smoke demon (summoned), 2
neqoxecs, a ynoxinul (summoned) and 2 orc sorcerers.

Vanquished Creatures
  Bai Suzhen (Shoals:3)
  Vashnia (Snake:2)
  Saint Roka (Snake:2)
  Nikola (Snake:1)
  A lich (Vaults:1)
  A kraken (Shoals:4)
  Frances (Shoals:1)
  Gastronok (D:9)
  Aizul (Snake:1)
  The ghost of Voker57 the Fighter, an adept DsGl of Hepliaklqana (Shoals:4)
  Kirke (D:15)
  Roxanne (Shoals:1)
  Donald (Snake:1)
  3 nagarajas (Snake:4)
  A vault warden (Vaults:1)
  4 orc warlords
  5 ironbound preservers
  A formless jellyfish (Vaults:1)
  3 ironbound thunderhulks (Vaults:2)
  2 stone giants
  7 dire elephants (Vaults:1)
  A minotaur (Gauntlet)
  An eidolon (Vaults:2)
  2 ettins (Orc:2)
  2 entropy weavers (Vaults:1)
  2 merfolk javelineers (Shoals:4)
  10 merfolk impalers
  A vault guard (D:13)
  A rakshasa (D:15)
  3 hydras
  A yaktaur captain (Vaults:1)
  13 anacondas
  4 catoblepae
  A dancing weapon (D:13)
  A merfolk aquamancer (Shoals:3)
  An alligator snapping turtle (Shoals:4)
  6 boulder beetles
  5 centaur warriors
  2 two-headed ogres
  2 ironbound frosthearts
  4 merfolk avatars
  20 death yaks
  A satyr (Shoals:2)
  3 shock serpents
  11 naga warriors
  An occultist (D:15)
  5 tengu warriors (D:14)
  2 thrashing horrors (Shoals:2)
  Sonja (Lair:3)
  3 orc high priests
  Nergalle (D:12)
  13 naga sharpshooters
  5 skysharks
  3 skeletal warriors (D:14)
  4 salamander mystics (Snake:4)
  7 sea snakes
  8 deep trolls
  3 lindwurms (Vaults:1)
  3 arcanists (Vaults:1)
  Pikel (D:5)
  6 naga ritualists
  A phantasmal warrior (Vaults:2)
  23 harpies
  A deep elf pyromancer (D:15)
  7 ironbound convokers
  3 necromancers
  4 orc knights
  A deep elf zephyrmancer (D:15)
  4 cyclopes
  5 orc sorcerers
  7 mana vipers
  18 ugly things
  3 fauns
  11 salamanders
  16 manticores
  6 merfolk sirens
  Maurice (D:9)
  12 elephants
  4 guardian serpents
  16 black mambas
  Maggie (D:7)
  9 water nymphs
  A gargoyle (D:12)
  2 torpor snails
  Joseph (D:8)
  10 naga magi
  5 vault sentinels
  2 apocalypse crabs (Shoals:2)
  8 cane toads
  Psyche (D:9)
  3 kobold demonologists
  8 yaktaurs (Vaults:1)
  2 freezing wraiths (Vaults:2)
  A rime drake (Lair:3)
  An ancient zyme (Shoals:2)
  2 tengu conjurers
  29 merfolk
  3 efreet
  8 komodo dragons
  4 trolls
  4 polar bears
  10 wind drakes
  2 hornets
  A raiju (Gauntlet)
  13 dream sheep
  9 blink frogs
  8 snapping turtles
  39 slime creatures
  6 water elementals
  2 spriggans (Lair:3)
  A shadow (D:11)
  4 centaur simulacra
  A spriggan (shapeshifter) (D:15)
  Sigmund (D:5)
  62 yaks
  2 wraiths (D:10)
  2 wyverns
  A fire elemental (D:15)
  Eustachio (D:4)
  A golden eye (shapeshifter) (D:14)
  A hog (D:15)
  5 basilisks
  A redback (Vaults:1)
  A neqoxec (Shoals:2)
  2 steam dragons (Gauntlet)
  A chaos spawn (Shoals:2)
  6 vampire mosquitoes
  31 nagas
  Menkaure (D:5)
  7 acid dragons
  3 hell hounds
  3 wargs
  14 water moccasins
  3 sky beasts
  A black bear (Lair:3)
  2 ice beasts
  35 orc warriors
  2 elephant zombies (D:7)
  10 wolves
  4 boggarts (Vaults:1)
  11 ogres
  16 centaurs
  2 phantoms
  An elf zombie (D:7)
  Blork the orc (D:5)
  6 kobold brigands
  12 bullfrogs
  2 gnoll sergeants
  A small abomination (Shoals:2)
  4 scorpions (D:4)
  13 wights (D:8)
  10 killer bees
  5 howler monkeys (D:12)
  2 electric eels
  4 centaur zombies
  4 jellies
  Crazy Yiuf (D:7)
  A human zombie (D:7)
  A gnoll bouda (D:7)
  10 hounds
  19 orc priests
  5 iguanas
  24 orc wizards
  6 hell rats (Lair:1)
  A boggart skeleton (D:15)
  A killer bee zombie (D:7)
  4 hound zombies (D:7)
  2 howler monkey zombies (D:7)
  17 gnolls
  10 adders
  2 shadow imps (D:6)
  15 white imps
  2 ufetubi (D:7)
  3 adder zombies (D:7)
  3 worms
  6 dart slugs
  94 orcs
  4 endoplasms
  8 giant cockroaches
  10 goblins
  5 hobgoblins
  9 jackals
  28 kobolds
  5 quokkas
  7 ball pythons
  5 bats
  10 frilled lizards
  2 rats
  A tentacle (Shoals:4)
1165 creatures vanquished.

Vanquished Creatures (collateral kills)
  A nagaraja (Snake:4)
  Azrael (D:15)
  An alligator snapping turtle (Shoals:4)
  2 boulder beetles
  A salamander mystic (Snake:4)
  A troll (Orc:1)
  2 yaks (Lair:4)
  4 hell hounds (D:15)
  An orc priest (Orc:1)
  An orc wizard (Orc:1)
  2 orcs (Orc:1)
17 creatures vanquished.

Vanquished Creatures (others)
  A human (D:15)
  A boggart (Vaults:1)
  An orc priest (Orc:2)
  An orc wizard (D:10)
  2 orcs (Orc:2)
  5 tentacles (Shoals:4)
11 creatures vanquished.

Grand Total: 1193 creatures vanquished

Notes
Turn   | Place    | Note
-------+----------+-------------------------------------------
     0 | D:1      | Gladio the Vine Stalker Fighter began the quest for the
                  | Orb.
     0 | D:1      | Reached XP level 1. HP: 11/11 MP: 2/2
   107 | D:1      | Reached XP level 2. HP: 16/16 MP: 3/3
   784 | D:2      | Reached skill level 3 in Unarmed Combat
   784 | D:2      | Reached XP level 3. HP: 14/20 MP: 4/4
  1004 | D:2      | Reached XP level 4. HP: 24/24 MP: 5/5
  1272 | D:3      | Found Abrur's Assorted Antiques.
  1355 | D:3      | Found a faded altar of an unknown god.
  1363 | D:3      | Found a stormy altar of Qazlal.
  1363 | D:3      | Noticed a sky beast
  1387 | D:3      | Killed a sky beast
  1388 | D:3      | Reached skill level 4 in Unarmed Combat
  1388 | D:3      | Reached XP level 5. HP: 27/29 MP: 6/6
  1558 | D:3      | Found a white marble altar of Elyvilon.
  2020 | D:4      | Noticed an ogre
  2030 | D:4      | Killed an ogre
  2031 | D:4      | Reached skill level 5 in Unarmed Combat
  2031 | D:4      | Reached XP level 6. HP: 18/33 MP: 6/7
  2182 | D:4      | Noticed Eustachio
  2184 | D:4      | Found an iron altar of Okawaru.
  2205 | D:4      | Killed Eustachio
  2206 | D:4      | Reached skill level 6 in Unarmed Combat
  2206 | D:4      | Reached XP level 7. HP: 20/38 MP: 8/8
  2849 | D:4      | Reached skill level 5 in Fighting
  2851 | D:4      | Reached skill level 7 in Unarmed Combat
  3060 | D:4      | Gained mutation: You have razor-sharp teeth. [Vine Stalker
                  | growth]
  3060 | D:4      | Reached XP level 8. HP: 43/43 MP: 9/9
  3220 | D:5      | Entered Level 5 of the Dungeon
  3221 | D:5      | Noticed Sigmund
  3341 | D:5      | Noticed Blork the orc
  3347 | D:4      | Reached skill level 8 in Unarmed Combat
  3366 | D:5      | Killed Blork the orc
  3419 | D:5      | Killed Sigmund
  3631 | D:5      | Found a basalt altar of Yredelemnul.
  3631 | D:5      | Noticed Pikel
  3643 | D:5      | Killed Pikel
  3644 | D:5      | Reached skill level 9 in Unarmed Combat
  3644 | D:5      | Reached XP level 9. HP: 49/49 MP: 10/10
  3668 | D:5      | Found a hide-covered altar of Uskayaw.
  3689 | D:5      | Noticed Menkaure
  3699 | D:5      | Killed Menkaure
  3757 | D:5      | Found an ornate altar of the Wu Jian Council.
  3764 | D:5      | Reached skill level 10 in Unarmed Combat
  3768 | D:5      | Found a bloodstained altar of Trog.
  3817 | D:5      | Found a burning altar of Makhleb.
  3865 | D:5      | Found a sparkling altar of Nemelex Xobeh.
  3948 | D:5      | Found a blossoming altar of Fedhas.
  4013 | D:6      | Identified the +0 leather armour "Hierebro" {Int+4 SInv}
  4994 | D:5      | Became a worshipper of Trog the Wrathful
  5081 | D:7      | Noticed Maggie
  5207 | D:8      | Reached skill level 11 in Unarmed Combat
  5231 | D:8      | Reached XP level 10. HP: 22/56 MP: 11/11
  5239 | D:8      | Gained mutation: You have hidden genetic potential. [potion
                  | of mutation]
  5239 | D:8      | Gained mutation: You are clumsy. (Dex -2) [potion of
                  | mutation]
  5239 | D:8      | Gained mutation: Your skin changes colour to match your
                  | surroundings (Stealth+). [potion of mutation]
  5327 | D:8      | Found a staircase to the Lair.
  5365 | D:8      | Found a shadowy altar of Dithmenos.
  5396 | D:8      | Reached * piety under Trog
  5614 | D:8      | Noticed Joseph
  5628 | D:8      | Killed Joseph
  5629 | D:8      | Reached skill level 12 in Unarmed Combat
  6146 | D:7      | Killed Maggie
  6293 | D:7      | Found a runed translucent door.
  6294 | D:7      | Noticed Crazy Yiuf
  6310 | D:7      | Found a staircase to the Ecumenical Temple.
  6356 | Temple   | Entered the Ecumenical Temple
  6395 | D:7      | Reached ** piety under Trog
  6402 | D:7      | Found a basalt altar of Yredelemnul.
  6571 | D:7      | Reached skill level 13 in Unarmed Combat
  6721 | D:7      | Killed Crazy Yiuf
  6766 | D:9      | Noticed Psyche
  6779 | D:9      | Killed Psyche
  6799 | D:9      | Reached XP level 11. HP: 57/62 MP: 12/12
  6805 | D:9      | Lost mutation: You are clumsy. (Dex -2) [hidden potential]
  7005 | D:9      | Identified a scroll of acquirement
  7005 | D:9      | Acquired a manual of Unarmed Combat
  7045 | D:9      | Noticed Maurice
  7050 | D:9      | Maurice stole a throwing net
  7052 | D:9      | Killed Maurice
  7072 | D:9      | Found a runed translucent gate.
  7072 | D:9      | Found a runed translucent gate.
  7072 | D:9      | Found a runed translucent gate.
  7081 | D:9      | Noticed a two-headed ogre
  7083 | D:9      | Reached *** piety under Trog
  7091 | D:9      | Killed a two-headed ogre
  7092 | D:9      | Reached skill level 14 in Unarmed Combat
  7268 | D:9      | Noticed Gastronok
  7283 | D:9      | Killed Gastronok
  7540 | D:9      | Noticed Pascal76's ghost (novice MiFi)
  7737 | D:10     | Entered Level 10 of the Dungeon
  7769 | D:10     | Noticed a soul eater
  7939 | D:10     | Reached **** piety under Trog
  8531 | Lair:1   | Entered Level 1 of the Lair of Beasts
  8560 | Lair:1   | Found a gate leading to a gauntlet.
  8569 | Gauntlet | Entered a Gauntlet
  8569 | Gauntlet | Found a transporter.
  8569 | Gauntlet | Found a transporter.
  8569 | Gauntlet | Found a runed translucent door.
  8569 | Gauntlet | Found a runed translucent door.
  8587 | Gauntlet | Found a transporter.
  8591 | Gauntlet | Found a transporter.
  8593 | Gauntlet | Noticed an oklob plant
  8603 | Gauntlet | Found a transporter.
  8611 | Gauntlet | Found a transporter.
  8628 | Gauntlet | Found a transporter.
  8642 | Gauntlet | Found a transporter.
  8646 | Gauntlet | Found a transporter.
  8650 | Gauntlet | Found a runed translucent door.
  8650 | Gauntlet | Found a runed translucent door.
  8652 | Gauntlet | Noticed a sixfirhy
  8654 | Gauntlet | Found a transporter.
  8658 | Gauntlet | Found a transporter.
  8720 | Gauntlet | Found a transporter.
  8787 | Gauntlet | Identified the +1 pair of gloves of the Blue Skiapode
                  | {rElec rN+ Will+ Dex+3}
  8831 | Gauntlet | Reached skill level 10 in Fighting
  8914 | Gauntlet | Identified the +0 helmet of Qitwouff {rPois rF+}
  8930 | Gauntlet | Noticed a minotaur
  8939 | Gauntlet | Killed a minotaur
  8940 | Gauntlet | Reached skill level 15 in Unarmed Combat
  9002 | Gauntlet | Found the +8 lance "Wyrmbane" {slay drac, rPois rF+ rC+
                  | AC+3}
  9096 | Lair:1   | You fall into a shaft and drop 1 floor!
  9121 | Lair:1   | Reached XP level 12. HP: 67/67 MP: 13/13
  9125 | Lair:1   | Reached skill level 5 in Shields
  9192 | Lair:1   | Gained mutation: Your mind is acute. (Int +4, Str/Dex -1)
                  | [hidden potential]
  9192 | Lair:1   | Lost mutation: You have hidden genetic potential. [hidden
                  | potential expressed]
  9728 | Lair:1   | Reached ***** piety under Trog
  9729 | Lair:1   | Reached skill level 5 in Armour
  9763 | Lair:2   | Noticed a death yak
  9809 | Lair:2   | Acquired 754 gold pieces
  9811 | Lair:2   | Found a staircase to the Snake Pit.
  9863 | Lair:2   | Reached skill level 16 in Unarmed Combat
  9897 | Lair:2   | Noticed a boulder beetle
  9898 | Lair:2   | Noticed a skyshark
  9903 | Lair:2   | Killed a boulder beetle
  9906 | Lair:2   | Killed a skyshark
 10184 | Lair:2   | Noticed a death yak
 10185 | Lair:2   | Noticed a death yak
 10203 | Lair:2   | Noticed a death yak
 10204 | Lair:2   | Killed a death yak
 10209 | Lair:2   | Killed a death yak
 10210 | Lair:2   | Killed a death yak
 10211 | Lair:2   | Noticed a death yak
 10218 | Lair:2   | Killed a death yak
 10226 | Lair:2   | Killed a death yak
 10227 | Lair:2   | Reached XP level 13. HP: 45/74 MP: 14/14
 10573 | Lair:3   | Noticed Sonja
 10584 | Lair:3   | Killed Sonja
 10711 | Lair:3   | Reached skill level 17 in Unarmed Combat
 11268 | Lair:3   | Found a staircase to the Shoals.
 11487 | Lair:4   | Found a staircase to the Slime Pits.
 11569 | Lair:4   | Received a gift from Trog
 11812 | Lair:4   | Reached XP level 14. HP: 81/81 MP: 15/15
 11967 | Lair:4   | Reached skill level 18 in Unarmed Combat
 12604 | Lair:5   | Entered Level 5 of the Lair of Beasts
 14602 | D:12     | Found a frozen archway.
 14667 | D:12     | Identified the +10 flail of Ololu {antimagic, Int+3}
 14724 | D:12     | Received a gift from Trog
 14725 | D:12     | Identified the +1 ring mail of Gestures {Str+3 Stlth+}
 14735 | D:12     | Noticed Nergalle
 14751 | D:12     | Killed Nergalle
 14880 | D:12     | Reached XP level 15. HP: 70/88 MP: 16/16
 14960 | D:12     | Found a staircase to the Orcish Mines.
 15355 | Orc:1    | Entered Level 1 of the Orcish Mines
 15554 | Orc:2    | Entered Level 2 of the Orcish Mines
 15758 | Orc:2    | Noticed an orc warlord
 15891 | Orc:2    | Reached ****** piety under Trog
 15922 | Orc:2    | Received a gift from Trog
 16060 | Orc:1    | Killed an orc warlord
 16287 | Orc:2    | Found Zauqaeba's Distillery.
 16291 | Orc:2    | Bought 2 potions of haste for 320 gold pieces
 16291 | Orc:2    | Bought a potion of mutation for 128 gold pieces
 16359 | Orc:2    | Found a staircase to the Elven Halls.
 16375 | Orc:2    | Reached skill level 19 in Unarmed Combat
 16380 | Orc:2    | Found Liotu's Jewellery Shop.
 16572 | Orc:2    | Found Lokics's Distillery.
 16577 | Orc:2    | Bought a potion of invisibility for 120 gold pieces
 16577 | Orc:2    | Bought a potion of haste for 150 gold pieces
 16577 | Orc:2    | Bought a potion of might for 60 gold pieces
 16612 | Orc:2    | Found Omoel Ziv's Antique Armour Shop.
 16615 | Orc:2    | Found Kodybeim's Antique Weapon Boutique.
 16622 | Orc:2    | Bought a glowing plate armour for 962 gold pieces
 16622 | Orc:2    | Bought a glowing kite shield for 277 gold pieces
 16909 | Orc:1    | Noticed an orc warlord
 16926 | Orc:1    | Killed an orc warlord
 16927 | Orc:1    | Reached skill level 10 in Shields
 17338 | D:13     | Found a gate to the Vaults.
 18064 | D:14     | Received a gift from Trog
 18077 | D:14     | Reached skill level 15 in Fighting
 18482 | D:14     | Found Numiybru's Armour Emporium.
 18619 | D:14     | Reached XP level 16. HP: 95/95 MP: 17/17
 18859 | D:15     | Entered Level 15 of the Dungeon
 18935 | D:15     | Noticed Kirke
 18944 | D:15     | Killed Kirke
 19158 | D:15     | Noticed Azrael
 19179 | D:15     | Killed Azrael
 19323 | D:15     | Reached skill level 10 in Armour
 19332 | D:15     | Found an ancient bone altar of Kikubaaqudgha.
 19534 | D:15     | Received a gift from Trog
 19657 | D:15     | Found a staircase to the Depths.
 19970 | Snake:1  | Entered Level 1 of the Snake Pit
 19995 | Snake:1  | Found Odiodong's Jewellery Shop.
 19998 | Snake:1  | Found Debbaem's Book Boutique.
 20000 | Snake:1  | Found Litid's Weapon Shop.
 20111 | Snake:1  | Identified the serpent talisman of Dolapt {rElec Stlth+}
 20111 | Snake:1  | Noticed Aizul
 20120 | Snake:1  | Killed Aizul
 20125 | Snake:1  | Noticed Nikola
 20141 | Snake:1  | Killed Nikola
 20490 | Snake:1  | Noticed Donald
 20503 | Snake:1  | Killed Donald
 20595 | Snake:1  | Found Toykier's Gadget Gallery.
 20604 | Snake:1  | Bought a phantom mirror for 520 gold pieces
 20815 | Snake:2  | Noticed Saint Roka
 20819 | Snake:2  | Found Wuqarph's Antique Armour Boutique.
 20828 | Snake:2  | Bought a smouldering plate armour for 952 gold pieces
 20828 | Snake:2  | Identified the +5 plate armour of the Thoughtful Friars
                  | {rElec Will- Str+7} (You bought it in a shop on level 2 of
                  | the Snake Pit)
 21152 | Snake:2  | Killed Saint Roka
 21336 | Snake:2  | Noticed Vashnia
 21341 | Snake:2  | Reached XP level 17. HP: 102/102 MP: 18/18
 21486 | Snake:2  | Received a gift from Trog
 21492 | Snake:2  | Killed Vashnia
 21868 | Snake:3  | Reached skill level 20 in Unarmed Combat
 22651 | Snake:4  | Entered Level 4 of the Snake Pit
 22895 | Snake:4  | HP: 4/102 [nagaraja/+0 spear (11)]
 22900 | Snake:4  | HP: 4/102 [poisoned by a naga (splash of poison)]
 23658 | Snake:4  | Got a serpentine rune of Zot
 24123 | Shoals:1 | Entered Level 1 of the Shoals
 24466 | Shoals:1 | Reached XP level 18. HP: 106/109 MP: 19/19
 24507 | Shoals:1 | Identified the granite talisman of Articulation {Str+6}
 24507 | Shoals:1 | Noticed Roxanne
 24529 | Shoals:1 | Killed Roxanne
 24835 | Shoals:1 | Noticed Frances
 24843 | Shoals:1 | Killed Frances
 24933 | Shoals:2 | Identified the +6 demon trident "Joemu" {flame, rF- Dex+9}
                  | (Trog gifted it to you on level 2 of the Shoals)
 24933 | Shoals:2 | Received a gift from Trog
 25054 | Shoals:2 | Found a runed translucent door.
 25312 | Shoals:2 | Identified the +4 spear of Charity {freeze, rF++ rCorr
                  | Str-2 Dex-2}
 25631 | Shoals:2 | Found a corrupted altar of Lugonu.
 25631 | Shoals:2 | Found a one-way gate to the infinite horrors of the Abyss.
 25649 | Shoals:2 | Gained mutation: You are clumsy. (Dex -2) [a neqoxec]
 25688 | Shoals:2 | Identified the ring "Sedd" {rF+ rCorr}
 25883 | Shoals:3 | Found a radiant altar of Vehumet.
 26016 | Shoals:3 | Noticed Bai Suzhen
 26036 | Shoals:3 | Killed Bai Suzhen
 26046 | Shoals:3 | Received a gift from Trog
 26100 | Shoals:3 | Identified the +0 trident "Jiomolyi" {heavy, Drain rElec
                  | Str+6 SInv}
 26179 | Shoals:4 | Entered Level 4 of the Shoals
 26221 | Shoals:4 | Identified the +4 chain mail of Onkurad {rC+ rN+ rCorr}
 26424 | Shoals:4 | Found Dexouc's Assorted Antiques.
 26529 | Shoals:4 | Found a runed translucent door.
 26534 | Shoals:4 | Noticed Voker57's ghost (adept DsGl)
 26708 | Shoals:4 | Found the +8 trishula "Condemnation" {holy, anguish, *Noise
                  | Fly rN+}
 26923 | Shoals:4 | Got a barnacled rune of Zot
 26988 | Shoals:4 | Identified the staff "Dicraw" {rElec rC- rCorr Str+3 Conj}
 27253 | Shoals:4 | Killed Voker57's ghost
 27254 | Shoals:4 | Reached XP level 19. HP: 112/115 MP: 20/20
 27518 | Vaults:1 | Entered Level 1 of the Vaults
 27578 | Vaults:1 | Reached skill level 21 in Unarmed Combat
 27674 | Vaults:1 | Received a gift from Trog
 27822 | D:13     | HP: 2/116 [stone giant (8)]
 27989 | Vaults:1 | Acquired 717 gold pieces
 28268 | Vaults:1 | Paralysed by a formless jellyfish for 1 turns
 28717 | Vaults:1 | Received a gift from Trog
 29025 | Vaults:2 | Found a staircase to the Crypt.
 29140 | Vaults:2 | HP: 4/175 [orc knight/+0 dire flail (9)]
 29140 | Vaults:2 | HP: 1/175 [orc knight/+0 bardiche (3)]
 29142 | Vaults:2 | Killed from afar by an orc high priest

Illustrated notes

Levels and vault maps discovered:
D:1:      giann_wishing_wells, layout_loops_ring
D:2:      layout_rooms, serial_bayou_ford_a, minmay_pentomino_r2
D:3:      layout_loops_ring, nicolae_qazlal_beasts_of_the_sky, elyvilon_altar_3,
          serial_shops, shop, basic_ecumenical_altar, lexackson_kobold_supper
D:4:      minmay_opposing_rooms, layout_basic, okawaru_ov_weapons_minmay,
          minmay_bisected, uniq_eustachio
D:5:      layout_rooms, nemelex_diamond_rough_becter, kennysheep_mini_moat,
          lemuel_coloured_pillars_altar, grunt_temple_overflow_cloverleaf,
          uniq_sigmund, uniq_menkaure, uniq_pikel, uniq_blork_the_orc
D:6:      layout_loops_corners, water_maze_lemuel
D:7:      layout_rooms, minmay_temple_entry_gardened_gates,
          roadster_capsule_ark_zombie, uniq_maggie, uniq_crazy_yiuf_cottage
D:8:      layout_gridville, mainiacjoe_overflow_tiny_flanked, dpeg_oklobed_lair,
          nicolae_ossuary_entry_plus, enter_bailey_5, serial_bayou_pond_c,
          uniq_joseph
D:9:      layout_loops_ring, gammafunk_ghost_necromancy, roderic_roman_lattice,
          minmay_puff, uniq_maurice, uniq_gastronok, uniq_psyche
D:10:     layout_long_grid, minmay_rotating_lava
D:11:     layout_loops_ring
D:12:     layout_irregular_city, orc_0_dummy, serial_ice, serial_ice_m,
          serial_ice_h, serial_ice_l, serial_ice_c, portal_ice_cave_entry_imps,
          uniq_nergalle
D:13:     layout_basic, erik_vaults_1
D:14:     layout_basic, serial_shops, nicolae_shop_stone, hex_medium,
          hangedman_aviary
D:15:     grunt_enter_depths_magical_seal, layout_irregular_city,
          nicolae_kikubaaqudgha_miasma_corner, st_stairs_7, uniq_azrael,
          uniq_kirke
Temple:   minmay_freezing_vapour_temple
Lair:1:   beast_lair_carwin_large_3, layout_hall_layers, gauntlet_entry_generic,
          chequers_serial_rivers_marsh, lemuel_fruit_tree
Lair:2:   layout_cave_shapes, guppyfry_snake_entry_garden, nzn_sisyphean_effort
Lair:3:   layout_roguey, minmay_shoals_entry_hut, forest_entry_grove, uniq_sonja
Lair:4:   layout_cellular_growth, slime_entry_1, infiniplex_staircase_pool,
          serial_bayou_shore_b
Lair:5:   evilmike_catoblepas_cave, layout_cave_pods
Shoals:1: layout_shoals, uniq_roxanne, uniq_frances
Shoals:2: layout_shoals, nicolae_shoals_abyss_on_the_beach
Shoals:3: layout_shoals, lemuel_centaur_altar, uniq_bai_suzhen
Shoals:4: shoals_end_hangedman, layout_shoals, gammafunk_ghost_grave,
          serial_shops, shop, nicolae_shoals_kraken_intersection
Snake:1:  layout_gridlike, nicolae_shop_gadgets, minmay_shop_star,
          grunt_megastairs_3, uniq_aizul, uniq_donald, uniq_nikola
Snake:2:  layout_rooms, serial_shops, shop, uniq_saint_roka, uniq_vashnia
Snake:3:  layout_onion_interference, nrook_guardian_serpent_double,
          grunt_megastairs_1
Snake:4:  snake_pit, layout_cave_town, serial_bayou_shore_b
Orc:1:    layout_caves
Orc:2:    grunt_orc_community_town_hall, layout_caves,
          grunt_orc_community_big_house_2, grunt_orc_community_big_house_1,
          grunt_orc_community_house_1, grunt_orc_community_house_2,
          grunt_orc_community_house_3, grunt_orc_community_house_3,
          serial_shops, nicolae_shop_pleasant_corner_grove
Vaults:1: v_misc_19, grunt_vaults_twisty, grunt_vaults_hallway_long, v_misc_32,
          vaults_mumra_hexcomb, nicolae_vaults_security_offices_4,
          ontoclasm_vaults_ring_square, nicolae_vaults_more_shelving_2,
          nicolae_vaults_turnstiles, grunt_vaults_hallway_short,
          ontoclasm_vaults_spin, grunt_vaults_hallway_short,
          layout_vaults_big_room
Vaults:2: nicolae_vaults_little_squares_1, nicolae_vaults_library_corner,
          minmay_crypt_entry_simple_plaza, nicolae_vaults_little_squares_2,
          minmay_orc_keep, nicolae_vaults_tangram_1, hangedman_vaults_stagger,
          nicolae_vaults_trapezoid_1, nicolae_vaults_ring_of_whatevers,
          nicolae_vaults_wine_cellar, layout_vaults_maze, serial_shops,
          nicolae_shop_back_alley_shop

Skill      XL: |  1  2  3  4  5  6  7  8  9 10 11 12 13 14 15 16 17 18 19 |
---------------+----------------------------------------------------------+-----
Fighting       | 3 4 5 6 7 9 10 11 12 14 15 16 17 18 19 | 19.7
Unarmed Combat | 3 4 5 6 7 9 11 13 15 16 17 18 19 20 21 | 21.3
Shields        | 4 6 8 9 10 11 12 13 | 13.9
Armour         | 4 6 7 8 9 10 11 12 | 12.8

Action                     |  1- 3 |  4- 6 |  7- 9 | 10-12 | 13-15 | 16-18 | 19-21 || total
---------------------------+-------+-------+-------+-------+-------+-------+-------++-------
  Melee: Unarmed           |    67 |    98 |   202 |   502 |  1029 |  1168 |   369 ||  3435
         Bite              |    11 |    25 |    53 |   172 |   385 |   420 |   187 ||  1253
  Throw: Dart              |       |       |     2 |     4 |       |     4 |       ||    10
         Javelin           |       |       |       |       |       |       |     3 ||     3
 Invoke: Berserk           |       |       |       |     5 |    12 |    11 |     2 ||    30
         Trog's Hand       |       |       |       |     1 |     2 |     5 |     1 ||     9
         Brothers in Arms  |       |       |       |     1 |     2 |     5 |     1 ||     9
  Evoke: Wand              |       |       |     1 |     5 |       |       |     1 ||     7
    Use: Scroll            |       |     6 |     1 |    17 |     6 |    13 |     1 ||    44
         Potion            |       |     1 |       |     3 |     1 |     1 |       ||     6
 Armour: Scale mail        |    39 |    38 |    61 |       |       |       |       ||   138
         Chain mail        |       |       |    69 |   205 |       |       |       ||   274
         Plate armour      |       |       |       |   165 |   746 |   962 |   254 ||  2127
         Crystal plate arm |       |       |       |       |       |    17 |       ||    17
  Dodge: Dodged            |    28 |    26 |    55 |   127 |   153 |   206 |    46 ||   641
  Block: Buckler           |    10 |    23 |    37 |    73 |       |       |       ||   143
         Kite shield       |       |       |       |   108 |   586 |   305 |       ||   999
         Reflection        |       |       |       |       |       |    27 |       ||    27
         Tower shield      |       |       |       |       |       |   801 |   296 ||  1097

Table legend: (Time is in decaauts)
 A = Elapsed time spent in this place.
 B = Non-inter-level travel time spent in this place.
 C = Inter-level travel time spent in this place.
 D = Time resting spent in this place.
 E = Time spent auto-exploring this place.
 F = Levels seen in this place.
 G = Mean time per level.
                   A        B        C        D        E       F      G
               +--------+--------+--------+--------+--------+-----+--------+
         Total |  28959 |  26609 |   2350 |   1500 |  18889 |  34 |  851.7 |
       Dungeon |  12874 |  11619 |   1255 |    366 |   8905 |  15 |  858.3 |
        Temple |      1 |      1 |      0 |      0 |      0 |   1 |    1.0 |
          Lair |   5014 |   4527 |    487 |    168 |   3371 |   5 | 1002.8 |
        Shoals |   3421 |   3282 |    139 |    169 |   2188 |   4 |  855.2 |
     Snake Pit |   4009 |   3762 |    247 |    490 |   2350 |   4 | 1002.2 |
  Orcish Mines |   1711 |   1496 |    215 |    222 |    883 |   2 |  855.5 |
        Vaults |   1436 |   1433 |      3 |      0 |   1021 |   2 |  718.0 |
      Gauntlet |    490 |    490 |      0 |     83 |    171 |   1 |  490.0 |
               +--------+--------+--------+--------+--------+-----+--------+

Top non-repeatable levels by time:
     D:4: 1373 daAuts
Vaults:1: 1220 daAuts
  Lair:4: 1166 daAuts
  Lair:5: 1163 daAuts
 Snake:3: 1162 daAuts
Shoals:4: 1161 daAuts
 Snake:4: 1127 daAuts
     D:9: 1109 daAuts
     D:8: 1071 daAuts
   Orc:2: 1029 daAuts
  Lair:3: 1003 daAuts
     D:6: 943 daAuts
    D:12: 934 daAuts
 Snake:2: 930 daAuts
    D:13: 903 daAuts
